 Dungeon Crawl Stone Soup version 0.23.2-40-g277498a001 (webtiles) character file.

Game seed: 7510251835657531553

62 FishyPogo the Grave Robber (level 3, 0/31 HPs)
             Began as a Deep Dwarf Necromancer on Oct 5, 2019.
             Slain by a hound (1 damage)
             ... on level 4 of the Dungeon.
             The game lasted 00:05:24 (1097 turns).

FishyPogo the Grave Robber (Deep Dwarf Necromancer) Turns: 1097, Time: 00:05:25

Health: 0/31       AC:  2    Str: 11    XL:     3   Next: 85%
Magic:  2/6        EV: 10    Int: 16    God:
Gold:   44         SH: 10    Dex: 13    Spells: 1/6 levels left

rFire    . . .     SeeInvis .   a - +2 dagger (flame)
rCold    . . .     Gourm    .   e - +3 shield
rNeg     . . .     Faith    .   i - +0 robe
rPois    .         Spirit   .   (no helmet)
rElec    .         Reflect  .   (no cloak)
rCorr    .         Harm     .   (no gloves)
MR       .....                  (no boots)
Stlth    +++.......             (no amulet)
HPRegen  0.00/turn              d - ring of stealth
MPRegen  0.10/turn              (no ring)

@: very slightly contaminated, non-regenerating
A: damage resistance, heal wounds, sense surroundings 1, no regeneration
a: Heal Wounds


You were on level 4 of the Dungeon.
You were not hungry.

You visited 1 branch of the dungeon, and saw 3 of its levels.

You collected 44 gold pieces.

Inventory:

Hand Weapons
 a - a +2 dagger of flaming (weapon)
Missiles
 g - 19 stones (quivered)
Armour
 e - a +3 shield (worn)
 i - a +0 robe (worn)
Jewellery
 d - a ring of stealth (left hand)
Comestibles
 c - 3 rations
 j - 4 chunks of flesh


   Skills:
 + Level 1.0 Fighting
 - Level 2.3 Dodging
 - Level 3.0 Stealth
 * Level 1.5 Shields
 + Level 2.1 Spellcasting
 * Level 4.9 Necromancy


You had one spell level left.
You knew the following spells:

 Your Spells              Type           Power        Failure   Level  Hunger
a - Pain                  Necr           ###.         16%         1    #......
b - Vampiric Draining     Necr           ###.......   41%         3    ###....
d - Animate Skeleton      Necr           N/A          16%         1    #......

Your spell library contained the following spells:

 Spells                   Type           Power        Failure   Level  Hunger
 Animate Dead             Necr           N/A          83%         4    #####..
 Regeneration             Chrm/Necr      Unusable     N/A         3    N/A

Dungeon Overview and Level Annotations

Branches:
Dungeon (2/15)             Temple (0/1) D:4

Altars:


Innate Abilities, Weirdness & Mutations

You are resistant to damage.
You can heal yourself by infusing magical energy.
You passively map a small area around you.
You do not regenerate.


Message History

You feel aware of your surroundings.
It was a scroll of magic mapping.
You block the hound's attack. x2
As you read the scroll labeled IXKEBE PARENE, it crumbles to dust.
It is a scroll of amnesia.
Okay, then.
The hound closely misses you.
As you read the scroll labeled FUAMOI AROBLIL, it crumbles to dust.
You feel blessed for a moment.
It was a scroll of remove curse.
The hound barely misses you. You block the hound's attack.
You aren't carrying any scrolls.
You aren't carrying any potions.
Unknown command.
The hound bites you.
* * * LOW HITPOINT WARNING * * *
There is an open door here.
The hound bites you.
You hit the hound. You burn the hound.
The hound is lightly wounded.
The hound bites you.
You die...

*,,,,**,,,,,** ##+###,,**,,**,,,
**,,,**,,,,,,* #....+,,,*,,,,,,,
**,,,##..,,,,* #....#,,,*,,,,,,,
*,,,,'...,,,,* #....#,,,*,,,,,,,
*,,,,#....,,,* #.รท..#,,,*,,,,,,,
*,,,,*#...,*** ##..##***********
*,,,,##....########'####**,,***,,
*,,,,......#...#.......+,,,,,,*,,
**,,,*#....).slh@......#,,,,,,*,,
**,,,*#....#...#.......#>,,,,,*,,
*,,,,*#######.###.##..##*+**,****
*,,,,##...###.#*####..#*,,**,**
*,,,,#........#,,,,....+,,,,,,*
*,,,,#........#,,,,....#,,,,,,*
*****##########****#####*******


You could see a hound, a leopard gecko and a giant cockroach.

Vanquished Creatures
  An iguana (D:4)
  2 dart slugs (D:1)
  An orc (D:4)
  2 ball pythons (D:1)
  3 hobgoblins (D:1)
  6 bats (D:1)
  2 frilled lizards (D:1)
  9 goblins
  A kobold (D:1)
  5 rats (D:1)
32 creatures vanquished.

Vanquished Creatures (collateral kills)
  A giant cockroach (D:1)
1 creature vanquished.

Grand Total: 33 creatures vanquished

Notes
Turn   | Place    | Note
-------+----------+-------------------------------------------
     0 | D:1      | FishyPogo the Deep Dwarf Necromancer began the quest for
                  | the Orb.
     0 | D:1      | Reached XP level 1. HP: 15/15 MP: 3/3
    26 | D:1      | Learned a level 1 spell: Animate Skeleton
   165 | D:1      | Reached XP level 2. HP: 3/24 MP: 1/4
   790 | D:1      | Reached XP level 3. HP: 3/30 MP: 3/6
   795 | D:1      | Learned a level 3 spell: Vampiric Draining
   839 | D:1      | Reached skill level 1 in Shields
  1043 | D:2      | You fall through a shaft for 2 floors!
  1048 | D:4      | Reached skill level 1 in Fighting
  1094 | D:4      | HP: 1/31 [hound (3)]
  1097 | D:4      | Slain by a hound

Skill      XL: |  1  2  3 |
---------------+----------+-----
Spellcasting   | 2 |  2.1
Stealth        | 3 |  3.0
Shields        | 1 |  1.5
Fighting       | 1 |  1.0
Dodging        | |  2.3
Necromancy     | |  4.9

Action                   || total
-------------------------++-------
Melee: Unarmed           ||    23
       Dagger            ||    17
 Cast: Pain              ||    38
       Animate Skeleton  ||     2
       Vampiric Draining ||     5
  Use: Scroll            ||     5
  Eat: Chunk             ||     2
Armor: Robe              ||     3
Dodge: Dodged            ||    31
Block: Shield            ||     7
